 Dungeon Crawl Stone Soup version 0.26.0-10-g1f06aea511 (webtiles) character file.

Game seed: 4430263960459395706

11 sanka the Covert (level 2, -2/28 HPs)
             Began as a Naga Delver on Jan 20, 2021.
             Slain by a bullfrog zombie (6 damage)
             ... on level 5 of the Dungeon.
             The game lasted 00:00:41 (81 turns).

sanka the Covert (Naga Delver)                        Turns: 81, Time: 00:00:42

Health: -2/28      AC:  2    Str: 14    XL:     2   Next: 29%
Magic:  2/2        EV:  9    Int: 10    God:
Gold:   0          SH:  0    Dex: 12    Spells: 1/1 levels left

rFire    . . .     SeeInvis +   a - +0 hand axe
rCold    . . .     Faith    .   (no shield)
rNeg     . . .     Spirit   .   b - +0 leather armour
rPois    +         Reflect  .   (no helmet)
rElec    .         Harm     .   (no cloak)
rCorr    .         Rampage  .   (no gloves)
Will     .....                  (no barding)
Stlth    +++.......             (no amulet)
HPRegen  0.09/turn              (no ring)
MPRegen  0.08/turn              (no ring)

@: hasted, quick
A: large, see invisible, deformed body, poison resistance, slowness 2, spit
poison 1, AC +0
a: Spit Poison


You were on level 5 of the Dungeon.
You visited 1 branch of the dungeon, and saw 1 of its levels.


Innate Abilities, Weirdness & Mutations

You cannot wear boots.
Your serpentine skin is tough. (AC +0)
You have supernaturally acute eyesight. (SInv)
Armour fits poorly on your strangely shaped body.
Your system is resistant to poisons. (rPois)
You cover ground very slowly.
You can spit poison.


   Skills:
 + Level 3.0 Fighting
 - Level 2.0 Axes
 - Level 1.5 Dodging
 - Level 8.0 Stealth


You had one spell level left.
You didn't know any spells.
Your spell library was empty.

Inventory:

Hand Weapons
 a - a +0 hand axe (weapon)
Armour
 b - a +0 leather armour (worn)
Wands
 g - a wand of digging (3)
Scrolls
 c - a scroll of fog
 d - a scroll of magic mapping
 e - a scroll of fear
 h - 2 scrolls of remove curse {unknown}

Dungeon Overview and Level Annotations

Branches:
Dungeon (5/15)
 Temple: D:4-7

Altars:

Annotations:
D:5 exclusions: ice beast and 2 lemures

▒▒▒ ▒▒. ..▒ ..▒ ▒.. ▒.▒
▒.▒ .. ▒.▒ ▒.▒▒▒▒▒▒▒▒▒.▒
▒.▒ ▒.▒▒........▒
▒.▒▒▒▒▒.▒▒▒..▒.........
......................▒
.▒.▒▒▒N▒▒▒▒.▒.........
.. ▒. ▒Z▒ ▒..........▒
▒..▒.▒▒▒.▒▒▒▒▒▒........▒
▒............▒▒........▒
...▒▒▒.▒▒▒▒...▒........▒
.. ▒.▒▒ ▒▒...........▒
▒..▒▒..▒▒▒▒............
▒..........▒▒▒..▒▒.▒▒..▒
▒...........▒▒▒....▒ ...


You could see a bullfrog zombie.


Message History

h - 2 scrolls labelled AFAT IDGHOMMU (gained 1)
A bullfrog zombie comes into view.
The bullfrog zombie moves out of view.
A bullfrog zombie is nearby!
The bullfrog zombie hits you but does no damage.
The bullfrog zombie barely misses you. The bullfrog zombie hits you.
The bullfrog zombie hits you.
You hit the bullfrog zombie.
The bullfrog zombie is lightly damaged.
The bullfrog zombie hits you!
* * * LOW HITPOINT WARNING * * *
You hit the bullfrog zombie.
The bullfrog zombie is lightly damaged.
The bullfrog zombie hits you!
* * * LOW HITPOINT WARNING * * *
The bullfrog zombie barely misses you.
You feel yourself speed up. The bullfrog zombie hits you.
* * * LOW HITPOINT WARNING * * *
You hit the bullfrog zombie.
The bullfrog zombie is moderately damaged.
The bullfrog zombie barely misses you.
You slash the bullfrog zombie!
The bullfrog zombie is heavily damaged.
The bullfrog zombie barely misses you.
You hit the bullfrog zombie but do no damage.
The bullfrog zombie is heavily damaged.
The bullfrog zombie hits you.
You die...

Action                   || total
-------------------------++-------
Melee: Hand axe          ||     8
 Abil: Spit Poison       ||     1
  Use: Potion            ||     1
Armor: Leather armour    ||     1
Dodge: Dodged            ||     7

Levels and vault maps discovered:
D:5:      layout_rooms, kennysheep_mini, nzn_hepliaklqana_mist_gate,
          temple_hall, uniq_pikel, uniq_prince_ribbit1, uniq_grinder

Notes
Turn   | Place    | Note
-------+----------+-------------------------------------------
     0 | D:5      | sanka the Naga Delver began the quest for the Orb.
     0 | D:5      | Reached XP level 1. HP: 21/21 MP: 1/1
     0 | D:5      | Noticed a lemure
     0 | D:5      | Noticed a lemure
    28 | D:5      | Reached skill level 8 in Stealth
    28 | D:5      | Reached XP level 2. HP: 28/28 MP: 2/2
    36 | D:5      | Noticed an ice beast
    81 | D:5      | Slain by a bullfrog zombie

Vanquished Creatures
  An adder (D:5)
  An orc (D:5)
2 creatures vanquished.

Table legend: (Time is in decaauts)
 A = Elapsed time spent in this place.
 B = Non-inter-level travel time spent in this place.
 C = Inter-level travel time spent in this place.
 D = Time resting spent in this place.
 E = Time spent auto-exploring this place.
 F = Levels seen in this place.
 G = Mean time per level.
                   A        B        C        D        E       F      G
               +--------+--------+--------+--------+--------+-----+--------+
         Total |    108 |    108 |      0 |      0 |     61 |   1 |  108.0 |
       Dungeon |    108 |    108 |      0 |      0 |     61 |   1 |  108.0 |
               +--------+--------+--------+--------+--------+-----+--------+

Top non-repeatable levels by time:
     D:5: 108 daAuts
